 Dungeon Crawl Stone Soup version 0.29.1-1-gd02db6906a (webtiles) character file.

Game seed: 9727669590001660487

21 lonewolfV2 the Stinger (level 2, 0/15 HPs)
             Began as a Deep Elf Venom Mage on Oct 19, 2022.
             Succumbed to an adder's poison
             ... on level 2 of the Dungeon.
             The game lasted 00:04:57 (2027 turns).

lonewolfV2 the Stinger (Deep Elf Venom Mage)        Turns: 2027, Time: 00:04:58

Health: 0/15       AC:  2    Str:  4    XL:     2   Next: 65%
Magic:  1/8        EV: 12    Int: 23    God:
Gold:   6          SH:  0    Dex: 14    Spells: 4/7 levels left

rFire   . . .      SeeInvis .   (no weapon)
rCold   + . .      Faith    .   (no shield)
rNeg    . . .      Spirit   .   a - +0 robe
rPois   .          Reflect  .   (no helmet)
rElec   .          Harm     .   (no cloak)
rCorr   .          Rampage  .   (no gloves)
Will    .....                   (no boots)
Stlth   ++........              (no amulet)
HPRegen 0.05/turn               (no ring)
MPRegen 0.11/turn               (no ring)

@: lethally poisoned (0 -> -7)
A: talons 1, clever 1, cold resistance 1
a: no special abilities


You were on level 2 of the Dungeon.
You visited 1 branch of the dungeon, and saw 2 of its levels.

You collected 6 gold pieces.

Inventory:

Armour
 a - a +0 robe (worn)
 c - a +4 ring mail
Potions
 b - a potion of magic
 e - a potion of haste
 f - a potion of attraction
 g - a potion of ambrosia {unknown}
 i - a potion of might {unknown}


   Skills:
 + Level 2.7 Dodging
 + Level 2.8 Stealth
 + Level 3.3 Spellcasting
 + Level 1.6 Transmutations
 * Level 3.5 Poison Magic


You had 4 spell levels left.
You knew the following spells:

 Your Spells              Type           Power      Damage    Failure   Level
a - Sting                 Tmut/Pois      60%        1d6       3%          1
b - Poisonous Vapours     Pois/Air       24%        N/A       9%          2

Your spell library contained the following spells:

 Spells                   Type           Power      Damage    Failure   Level
 Mephitic Cloud           Conj/Pois/Air  9%         N/A       21%         3
 Olgreb's Toxic Radiance  Pois           20%        N/A       26%         4


Dungeon Overview and Level Annotations

Branches:
Dungeon (2/15)

Altars:

Shops:
D:1 :


Innate Abilities, Weirdness & Mutations

You have sharp toenails.
Your mind is acute. (Int +4, Str/Dex -1)
Your flesh is cold resistant. (rC+)


Message History

Aim: an adder (53% to hit)
The sting hits the goblin.
The goblin looks even sicker.
You kill the goblin!
The adder attacks as you move away! The adder misses you.
Casting: Sting (safe; 4% risk of failure)
Confirm with . or Enter, or press ? or * to list all spells.
Aiming: Sting (safe; 4% risk of failure)
Press: ? - help, Shift-Dir - straight line, f/p - adder
Aim: an adder (53% to hit)
The sting hits the adder.
The adder is poisoned.
The adder is heavily wounded.
The adder misses you.
You hit the adder but do no damage.
The adder is heavily wounded.
The adder misses you. x2
You miss the adder.
The adder is heavily wounded.
The adder bites you.
You hit the adder.
The adder is severely wounded.
The adder bites you.
You are poisoned.
The adder poisons you!
You closely miss the adder.
The adder is severely wounded.
You feel sick. The adder barely misses you.
You hit the adder but do no damage.
The adder is severely wounded.
You feel sick. The adder closely misses you. The adder barely misses you.
You hit the adder but do no damage. Your punch misses the adder.
The adder is severely wounded.
You feel sick. The adder bites you.
* * * LOW HITPOINT WARNING * * *
You are more poisoned.
The adder poisons you!
Unknown command.
It was a potion of mutation.
You feel extremely strange.
You feel resistant to cold.
Your toenails lengthen and sharpen.
You feel clever.
You die...

......................#..
....................)....
.......#..#..#..###....#..
!....#.#..#..#..###.......
..........................
.......................#.#
.$....##.#...##...........
......##.#'####.###(...#.#
......))S@...##.###....#.#
.............#....#....#.#
.............#....#....#.#
.............#....#....#.#
.............'...........#
........##.###....#.......
.######.# .# #....##.#..##
#.# .# #....##.#..#
##.#######'####.#..#


You could see an adder (poisoned).

Vanquished Creatures
  A ball python (D:1)
  A giant cockroach (D:1)
  3 goblins
  3 hobgoblins
  3 jackals (D:1)
  4 kobolds
  3 rats
18 creatures vanquished.

Notes
Turn   | Place    | Note
-------+----------+-------------------------------------------
     0 | D:1      | lonewolfV2 the Deep Elf Venom Mage began the quest for the
                  | Orb.
     0 | D:1      | Reached XP level 1. HP: 10/10 MP: 6/6
   754 | D:1      | Reached XP level 2. HP: 15/15 MP: 5/8
  1193 | D:1      | Found Roeno's Book Shoppe.
  1504 | D:1      | Learned a level 2 spell: Poisonous Vapours
  1680 | D:2      | Identified the +1 robe "Peecerat" {rC+ Slay+3}
  2027 | D:2      | Gained mutation: Your flesh is cold resistant. (rC+)
                  | [potion of mutation]
  2027 | D:2      | Gained mutation: You have sharp toenails. [potion of
                  | mutation]
  2027 | D:2      | Gained mutation: Your mind is acute. (Int +4, Str/Dex -1)
                  | [potion of mutation]
  2027 | D:2      | Succumbed to an adder's poison

Illustrated notes

Levels and vault maps discovered:
D:1:      spicycebolla_green_bress_n_ham_2, layout_loops_ring, serial_forest,
          infiniplex_forest_lined_2, infiniplex_forest_lined_3,
          infiniplex_forest_straight_1, infiniplex_forest_straight_2,
          infiniplex_forest_clump_tiny, serial_shops, nicolae_shop_crystal
D:2:      cheibrodos_pilgrimage, layout_basic, serial_bayou_pond_b

Action                   || total
-------------------------++-------
Melee: Unarmed           ||    18
 Cast: Sting             ||    26
       Poisonous Vapours ||     7
  Use: Scroll            ||     6
       Potion            ||     1
Armor: Robe              ||     5
Dodge: Dodged            ||    29
